 Dungeon Crawl Stone Soup version 0.18-b1-22-ge198996 (webtiles) character file.

35 RudyRod the Firebug (level 3, -1/24 HPs)
             Began as a Demonspawn Fire Elementalist on May 4, 2016.
             Slain by an adder (4 damage)
             ... on level 2 of the Dungeon.
             The game lasted 00:05:24 (1215 turns).

RudyRod the Firebug (Demonspawn Fire Elementalist)  Turns: 1215, Time: 00:05:24

Health: -1/24      AC:  2    Str:  8    XL:     3   Next: 17%
Magic:  0/6        EV: 12    Int: 17    God:
Gold:   93         SH:  0    Dex: 13    Spells: 1 memorised, 5 levels left

rFire  . . .     SeeInvis .     e - +0 dagger
rCold  . . .     Gourm    .     a - +0 robe
rNeg   . . .     Faith    .     (no shield)
rPois  .         Spirit   .     (no helmet)
rElec  .         Dismiss  .     (no cloak)
rCorr  .         Reflect  .     (no gloves)
SustAt .         Harm     .     (no boots)
MR     .....                    (no amulet)
Stlth  +++.......               (no ring)
                                (no ring)

@: lethally poisoned (-1 -> -7), very slightly contaminated, not resistant to
hostile enchantments, fairly stealthy
A: talons 1, nightstalker 1
a: no special abilities


You were on level 2 of the Dungeon.
You were not hungry.

You visited 1 branch of the dungeon, and saw 2 of its levels.

You collected 93 gold pieces.

Inventory:

Hand Weapons
 e - a +0 dagger (weapon)
Armour
 a - a +0 robe (worn)
Scrolls
 d - a scroll of enchant weapon {unknown}
 f - 2 scrolls of amnesia {unknown}
 g - 5 scrolls of identify {unknown}
 i - 2 scrolls of remove curse {unknown}
 l - a scroll of teleportation {unknown}
Potions
 h - a potion of haste {unknown}
 k - a potion of lignification {unknown}
 n - a potion of degeneration {unknown}
 o - a potion of curing
Books
 b - a book of Flames

   Spells                             Type                      Level
   a - Flame Tongue                   Conjuration/Fire             1
   b - Throw Flame                    Conjuration/Fire             2
   c - Conjure Flame                  Conjuration/Fire             3
   d - Inner Flame                    Hexes/Fire                   3
   e - Sticky Flame                   Conjuration/Fire             4
   f - Fireball                       Conjuration/Fire             5
Comestibles
 c - 2 bread rations
 j - 3 fruits
 m - a meat ration
 p - 3 chunks of flesh


   Skills:
 + Level 1.9 Dodging
 + Level 2.0 Stealth
 + Level 2.2 Spellcasting
 + Level 1.4 Conjurations
 + Level 3.3 Fire Magic


You had 5 spell levels left.
You knew the following spells:

 Your Spells              Type           Power        Failure   Level  Hunger
a - Flame Tongue          Conj/Fire      ##...        10%         1    #......


Dungeon Overview and Level Annotations

Branches:
Dungeon (2/15)

Altars:


Innate Abilities, Weirdness & Mutations

You have sharp toenails.
You are slightly more attuned to the shadows.


Message History

You hit the adder.
The adder is moderately wounded.
The adder bites you.
You are poisoned.
The adder poisons you!
You closely miss the adder.
The adder is moderately wounded.
You feel sick. The adder bites you.
* * * LOW HITPOINT WARNING * * *
You are lethally poisoned!
The adder poisons you!
You closely miss the adder. You claw the adder, but do no damage.
The adder is moderately wounded.
The adder bites you but does no damage. The adder bites you.
* * * LOW HITPOINT WARNING * * *
You closely miss the adder.
The adder is moderately wounded.
* * * LOW HITPOINT WARNING * * *
You feel sick. The adder bites you.
You die...

### #.. #.# #
#.#
#.######.######
#..@S.........#
#..........###.
#..######..#
$...........#
#.#. #####.....
# #. #.#.### #
#.#.# #. .....
.....#.# ...
#.#.# #.####.#


You could see an adder.

Vanquished Creatures
  An adder (D:1)
  2 worms (D:2)
  A giant gecko (D:1)
  2 goblins (D:1)
  3 hobgoblins
  3 kobolds
  2 quokkas (D:2)
  A ball python (D:2)
  3 bats (D:1)
  A rat (D:1)
19 creatures vanquished.

Notes
Turn   | Place    | Note
--------------------------------------------------------------
     0 | D:1      | RudyRod the Demonspawn Fire Elementalist began the quest for the Orb.
     0 | D:1      | Reached XP level 1. HP: 13/13 MP: 3/3
   255 | D:1      | Reached skill level 3 in Fire Magic
   381 | D:1      | Gained mutation: You have sharp toenails. [demonic ancestry]
   381 | D:1      | Reached XP level 2. HP: 19/19 MP: 1/5
  1012 | D:2      | Gained mutation: You are slightly more attuned to the shadows. [demonic ancestry]
  1012 | D:2      | Reached XP level 3. HP: 24/24 MP: 3/6
  1215 | D:2      | Slain by an adder

Skill      XL: |  1  2 |
---------------+-------+-----
Fire Magic     | 3 |  3.3
Stealth        | 2 |  2.0
Dodging        | |  1.9
Spellcasting   | |  2.2
Conjurations   | |  1.4

Action                   || total
-------------------------++-------
Melee: Dagger            ||     7
       Unarmed           ||     3
       Kick              ||     1
 Cast: Flame Tongue      ||    41
  Use: Potion            ||     1
  Eat: Chunk             ||     1
Armor: Robe              ||     8
Dodge: Dodged            ||    13
